 Dungeon Crawl Stone Soup version 0.31-b1-17-gcfd88c8481 (webtiles) character file.

Game seed: 5226476059646289098

95 Aldia the Changeling (level 4, -2/33 HPs)
             Began as a Merfolk Shapeshifter on Jan 15, 2024.
             Slain by a gnoll
             ... wielding a +0 flail
              (7 damage)
             ... on level 3 of the Dungeon.
             The game lasted 00:02:48 (2090 turns).

Aldia the Changeling (Merfolk Shapeshifter)         Turns: 2090, Time: 00:02:49

Health: -2/33      AC:  2    Str: 16    XL:     4   Next: 65%
Magic:  4/4        EV: 13    Int:  9    God:
Gold:   79         SH:  5    Dex: 13    Spells: 3/3 levels left

rFire   . .          .
                       - Unarmed
rCold   . . .        (no shield)
rNeg    . . .        a - +0 animal skin
rPois   .            (helmet currently unavailable)
rElec   .            (cloak currently unavailable)
rCorr   .            (gloves currently unavailable)
SInv    .            (boots currently unavailable)
Will    .....        n - amulet of reflection
Stlth   +            (no ring)
HPRegen 0.25/turn    (no ring)
MPRegen 0.09/turn

%: reflection
@: beast-form
A: beast (slay +2), (nimble swimmer 2), mertail
a: Begin Untransformation


You were on level 3 of the Dungeon.
You were a hulking beast.
You visited 1 branch of the dungeon, and saw 3 of its levels.

You collected 79 gold pieces.

Inventory:

Armour
 a - a +0 animal skin (worn)
Jewellery
 i - an amulet of guardian spirit
 n - an amulet of reflection (around neck)
Talismans
 c - a beast talisman
 d - a flux talisman
 g - a serpent talisman
Scrolls
 e - a scroll of identify {unknown}
 f - a scroll of blinking {unknown}
 j - a scroll of summoning {unknown}
 l - a scroll of amnesia {unknown}
 m - 4 scrolls of teleportation
 p - a scroll of noise {unknown}
Potions
 h - 2 potions of degeneration {unknown}
 k - 2 potions of curing {unknown}
 o - a potion of attraction {unknown}


   Skills:
 + Level 2.2 Fighting
 + Level 3.7 Dodging
 * Level 4.4 Unarmed Combat
 + Level 4.5 Shapeshifting


You had 3 spell levels left.
You didn't know any spells.
Your spell library contained the following spells:

 Spells                   Type           Power      Damage    Failure   Level
 Gell's Gravitas          Tloc           0%         N/A       77%         3
 Teleport Other           Tloc           0%         N/A       77%         3
 Dispersal                Tloc           0%         N/A       100%        6


Dungeon Overview and Level Annotations

Branches:
Dungeon (3/15)

Altars:


Innate Abilities, Weirdness & Mutations

You are a hulking beast.
Your limbs bulge with bestial killing power. (Slay +2)
((You are very nimble when in or above water. (Stealth+, EV+, Speed+++)))
Your lower body shifts to a powerful aquatic tail in water.


Message History

You kill the bat!
No target in view!
No target in view!
No target in view!
Things that are here:
a +0 dagger; a bat corpse; a goblin corpse Your legs become a tail as you enter the water.
m - 4 scrolls of teleportation (gained 1)
You now have 79 gold pieces (gained 10).
A gnoll comes into view. It is wielding a +0 flail.
The gnoll shouts!
You hear a shout! x2
A gnoll comes into view. It is wielding a +0 whip.
Okay, then.
A gnoll comes into view. It is wielding a +0 whip.
You hit the gnoll but do no damage. The gnoll barely misses you.
You hit the gnoll.
The gnoll is lightly wounded.
The gnoll hits you with a +0 flail!
You barely miss the gnoll.
The gnoll is lightly wounded.
The gnoll misses you.
You closely miss the gnoll.
The gnoll is lightly wounded.
You block the gnoll's attack.
You closely miss the gnoll.
The gnoll is lightly wounded.
The gnoll barely misses you.
You hit the gnoll.
The gnoll is moderately wounded.
You hit the gnoll.
The gnoll is heavily wounded.
The gnoll hits you with a +0 flail!
You barely miss the gnoll.
The gnoll is heavily wounded.
The gnoll hits you with a +0 flail!
* * * LOW HITPOINT WARNING * * *
You closely miss the gnoll.
The gnoll is heavily wounded.
The gnoll hits you with a +0 flail!
You die...

#....######.
##
####........
.##
###....######.
..# ##...####
#. .. #..###
#. #.###.## #.
#gg#..# ..
#g#.## ##
#h#.# #...#
##.## #.# #.#
#.# #.# ..#
...


You could see 3 gnolls.

Vanquished Creatures
  4 adders (D:2)
  4 dart slugs
  5 bats
  3 endoplasms (D:2)
  A giant cockroach (D:3)
  5 goblins
  4 hobgoblins
  3 jackals (D:1)
  2 quokkas
  5 ball pythons
  5 frilled lizards
  8 kobolds (D:1)
  3 rats
52 creatures vanquished.

Notes
Turn   | Place    | Note
-------+----------+-------------------------------------------
     0 | D:1      | Aldia the Merfolk Shapeshifter began the quest for the Orb.
     0 | D:1      | Reached XP level 1. HP: 15/15 MP: 1/1
   118 | D:1      | Reached XP level 2. HP: 12/21 MP: 2/2
   511 | D:1      | Found a faded altar of an unknown god.
   951 | D:1      | Reached XP level 3. HP: 26/26 MP: 3/3
  1307 | D:2      | You fall into a shaft and drop 1 floor!
  1576 | D:2      | Reached XP level 4. HP: 33/33 MP: 4/4
  2090 | D:3      | Slain by a gnoll

Illustrated notes

Levels and vault maps discovered:
D:1:      dpeg_arrival_tiny_k, layout_basic, serial_forest,
          infiniplex_forest_straight_1, infiniplex_forest_clump_small,
          infiniplex_forest_lined_room_2, infiniplex_forest_clump_C,
          infiniplex_forest_3_way, infiniplex_forest_straight_4,
          infiniplex_forest_end_1, shapermc_ecumenical_altar_mp_vishouse
D:2:      layout_basic
D:3:      minmay_general_purpose_star, layout_loops_ring, serial_park_tiny_pond,
          grunt_decor_mini_mirrors, serial_bayou_pond_e, minmay_pentomino_pile

Skill      XL: |  1  2  3 |
---------------+----------+-----
Dodging        | 3 |  3.7
Unarmed Combat | 4 |  4.4
Fighting       | 2 |  2.2
Shapeshifting  | |  4.5

Action                     |  1- 3 |  4- 6 || total
---------------------------+-------+-------++-------
  Melee: Unarmed           |    93 |    33 ||   126
         Punch             |     2 |       ||     2
    Use: Scroll            |       |     1 ||     1
         Potion            |       |     1 ||     1
   Stab: Sleeping          |     2 |       ||     2
 Armour: Animal skin       |    45 |    10 ||    55
         Skin              |       |     2 ||     2
  Dodge: Dodged            |    46 |    13 ||    59
  Block: Other             |     1 |     4 ||     5
